Get step-by-step instructions on how to execute this build order below. Start the game timer, and the build order will tick by so you can play in parallel with StarCraft on a second screen or mobile device.

Game Time

  0:00

Last Step

  N/A

Next Step

Upcoming Step



Don't want to look back and forth between 2 screens? Try out our Overwolf App, the Spawning Tool Build Advisor to get an in-game overlay with this build!

Complete Build Order

  12  0:01  Drone  
  13  0:08  Drone  
  14  0:36  Hatchery  
  14  0:39  Drone  
  14  0:55  Spawning Pool  
  13  0:59  Drone  
  13  1:02  Extractor  
  13  1:05  Drone  
  15  1:17  Overlord  
  15  1:35  Drone  
  15  1:36  Drone x2  
  18  1:44  Queen  
  20  1:54  Drone x2  
  22  1:58  Drone  
  22  1:59  Queen  
  25  2:02  Drone  
  25  2:08  Overlord  
  26  2:10  Zergling x2  
  27  2:19  Overlord  
  27  2:27  Queen  
  27  2:29  Overlord  
  29  2:38  Drone x2  
  31  2:45  Drone x2  
  31  2:48  Extractor  
  31  2:50  Extractor  
  31  2:55  Drone x2  
  31  2:56  Drone x2  
  35  3:03  Drone  
  36  3:10  Drone  
  36  3:11  Drone x3  
  40  3:19  Drone  
  42  3:20  Drone  
  42  3:24  Drone x2  
  42  3:25  Drone  
  45  3:28  Drone  
  45  3:33  Evolution Chamber  
  45  3:35  Metabolic Boost  
  45  3:42  Drone x6  
  51  3:53  Evolution Chamber  
  51  3:54  Hatchery  
  49  3:59  Zerg Ground Armor Level 1, Extractor  
  48  4:11  Drone x4  
  48  4:13  Overlord x2  
  52  4:25  Zerg Melee Weapons Level 1  
  52  4:28  Overlord x3  
  52  4:34  Drone  
  52  4:35  Drone x3  
  56  4:42  Lair  
  56  4:45  Drone x4  
  60  4:54  Zergling x2  
  60  4:55  Zergling x4  
  60  4:56  Zergling x4  
  64  5:16  Queen  
  66  5:23  Drone x4  
  66  5:24  Drone x6  
  66  5:27  Extractor  
  75  5:32  Extractor  
  75  5:33  Drone x2  
  76  5:39  Hydralisk Den  
  77  5:42  Drone x2  
  77  5:43  Drone  
  78  5:54  Zerg Missile Weapons Level 1  
  78  5:56  Overlord x6  
  78  6:11  Overlord x3  
  78  6:12  Overlord  
  78  6:14  Hydralisk x4, Muscular Augments  
  86  6:19  Hydralisk x3  
  86  6:25  Hydralisk x6  
  104  6:37  Zerg Ground Armor Level 2  
  104  6:40  Zergling x2  
  104  6:41  Zergling x8  
  109  6:47  Hydralisk  
  109  6:48  Hydralisk  
  109  6:49  Zergling x2  
  109  6:50  Zergling x6  
  109  6:54  Hydralisk x2  
  117  6:55  Zergling x2  
  122  7:06  Hydralisk x3  
  128  7:12  Hydralisk x2  
  128  7:13  Zergling x8  
  136  7:17  Hatchery  
  136  7:21  Zergling x8  
  136  7:22  Zergling x2  
  140  7:33  Infestation Pit  
  140  7:36  Hydralisk  
  140  7:37  Hydralisk  
  142  7:47  Zerg Melee Weapons Level 2  
  127  7:59  Pneumatized Carapace  
  127  8:00  Hydralisk x4  
  115  8:11  Zergling x2  
  115  8:12  Zergling x14  
  109  8:22  Drone x4  
  109  8:25  Drone  
  108  8:32  Hatchery  
  108  8:33  Extractor  
  106  8:36  Drone x4  
  106  8:37  Queen  
  106  8:38  Drone, Extractor  
  112  8:41  Hive  
  112  8:43  Hydralisk  
  112  8:44  Hydralisk x2  
  112  8:46  Hydralisk x3  
  124  8:53  Hydralisk x3  
  124  8:54  Roach Warren  
  124  8:55  Zergling x2  
  130  8:59  Hydralisk x4  
  136  9:08  Drone  
  136  9:09  Drone x4  
  135  9:14  Drone  
  135  9:15  Drone x5  
  135  9:16  Zerg Missile Weapons Level 2  
  141  9:35  Roach  
  141  9:36  Roach x12  
  167  9:39  Roach  
  167  9:40  Roach x2  
  173  9:46  Zergling x10  
  178  9:54  Zergling x8  
  182  10:02  Drone x2, Spine Crawler x2  
  182  10:03  Drone x2  
  182  10:04  Spore Crawler  
  183  10:10  Burrow  
  160  10:35  Roach x4  
  131  10:36  Roach x15  
  153  10:49  Hydralisk x4  
  139  10:50  Hydralisk x2  
  141  10:58  Hydralisk x3  
  147  11:08  Roach x5  
  147  11:09  Roach x2  
  161  11:26  Hydralisk x5  
  161  11:27  Hydralisk x3  
  169  11:38  Hydralisk x3